 Dungeon Crawl Stone Soup version 0.27-a0-789-g6bb3289e1e (webtiles) character file.

Game seed: 545736410424773180

54 funkygono the Magician (level 3, 0/25 HPs)
             Began as a Djinni Fire Elementalist on Mar 26, 2021.
             Slain by Ijyb
             ... wielding a +0 dagger
              (3 damage)
             ... on level 2 of the Dungeon.
             The game lasted 00:03:13 (1996 turns).

funkygono the Magician (Djinni Fire Elementalist)   Turns: 1996, Time: 00:03:13

Health: 0/25       AC:  2    Str:  7    XL:     3   Next: 91%
Gold:   86         EV: 12    Int: 17    God:
                   SH:  0    Dex: 13

rFire    + + .     SeeInvis .   c - +0 short sword
rCold    x . .     Faith    .   (no shield)
rNeg     . . .     Spirit   .   a - +0 robe
rPois    ∞         Reflect  .   (no helmet)
rElec    .         Harm     .   (no cloak)
rCorr    .         Rampage  .   (no gloves)
Will     .....                  (boots unavailable)
Stlth    ++........             (no amulet)
HPRegen  0.08/turn              (no ring)
MPRegen  0.00/turn              (no ring)

@: flying
A: fire resistance 2, cold vulnerability 1, float, innate caster, hp casting,
extra vitality 1
a: no special abilities


You were on level 2 of the Dungeon.
You visited 1 branch of the dungeon, and saw 2 of its levels.

You collected 86 gold pieces.

Inventory:

Hand Weapons
 c - a +0 short sword (weapon)
Armour
 a - a +0 robe (worn)
Jewellery
 d - a ring of resist corrosion
Scrolls
 b - a scroll of identify
 e - a scroll of blinking


   Skills:
 * Level 2.5 Dodging
 - Level 1.5 Stealth
 * Level 3.9 Spellcasting


You couldn't memorise any spells.
You knew the following spells:

 Your Spells              Type           Power      Damage    Failure   Level
a - Foxfire               Conj/Fire      64%        2x1d7     3%          1
b - Conjure Flame         Conj/Fire      16%        6-21      10%         3
c - Inner Flame           Hex/Fire       16%        N/A       10%         3
d - Sticky Flame          Conj/Fire      16%        2d4       30%         4
e - Fireball              Conj/Fire      8%         3d6       65%         5
f - Beastly Appendage     Tmut           32%        N/A       3%          1
Your spell library was empty.

Dungeon Overview and Level Annotations

Branches:
Dungeon (2/15)

Altars:

Shops:
D:1 *

Annotations:
D:2 Ijyb


Innate Abilities, Weirdness & Mutations

You are immune to poison.
Your flesh is very heat resistant. (rF++)
You are vulnerable to cold. (rC-)
You float through the air rather than walking.
You learn spells naturally, not from books.
Your magical power is your life essence.
You have superior vitality. (+4 HP)


Message History

Casting: Foxfire (safe; 3% risk of failure)
Confirm with . or Enter, or press ? or * to list all spells.
You conjure some foxfire!
The goblin shoots a stone.
The stone hits you.
The foxfire hits Ijyb.
Ijyb is moderately wounded.
The foxfire hits Ijyb but does no damage.
Ijyb is moderately wounded.
The foxfire hits Ijyb but does no damage.
Ijyb is moderately wounded.
The foxfire hits Ijyb but does no damage.
Ijyb is moderately wounded.
Casting: Foxfire (safe; 3% risk of failure)
Confirm with . or Enter, or press ? or * to list all spells.
You conjure some foxfire!
Ijyb hits you with a +0 dagger.
The foxfire hits Ijyb.
Ijyb is heavily wounded.
The foxfire hits Ijyb.
Ijyb is heavily wounded.
Things that are here:
a +0 club; 3 stones; a kobold corpse
Okay, then.
Ijyb screams, "No!
No, no, no, no!"
The goblin shoots a stone.
The stone hits you.
* * * LOW HITPOINT WARNING * * *
Ijyb screams, "Me kill you!"
You aren't carrying any potions.
Casting: Foxfire (safe; 3% risk of failure)
Confirm with . or Enter, or press ? or * to list all spells.
You conjure some foxfire!
* * * LOW HITPOINT WARNING * * *
The foxfire hits Ijyb.
Ijyb is heavily wounded.
The foxfire hits Ijyb but does no damage.
Ijyb is heavily wounded.
The goblin shoots a stone.
The stone completely misses you. Ijyb hits you with a +0 dagger.
* * * LOW HITPOINT WARNING * * *
The goblin shoots a stone.
The stone closely misses you. Ijyb hits you with a +0 dagger.
You die...

.†.###..(#.# #...
#.#.#.###.####
####
#......#.....# #
###.#†###....# #
#......#....# #
###.#.#.#..### # #
#...###....# #
#..#.###.###..#
#....@........#
#...##g#........
#.####..###......
#.......###......#
##.......##......#
#....g#.##......#
#........#..
#........#.#
#........#.####


You could see Ijyb and a goblin.

Vanquished Creatures
  A gnoll (D:2)
  A worm (D:2)
  2 dart slugs (D:1)
  2 ball pythons (D:1)
  2 bats (D:2)
  5 endoplasms
  8 goblins
  2 hobgoblins (D:2)
  3 jackals (D:2)
  A quokka (D:2)
  2 frilled lizards (D:1)
  3 kobolds
  A rat (D:2)
33 creatures vanquished.

Vanquished Creatures (others)
  116 foxfires
116 creatures vanquished.

Grand Total: 149 creatures vanquished

Notes
Turn   | Place    | Note
-------+----------+-------------------------------------------
     0 | D:1      | funkygono the Djinni Fire Elementalist began the quest for
                  | the Orb.
     0 | D:1      | Reached XP level 1. HP: 15/15 MP: 0/0
   498 | D:1      | Reached skill level 3 in Spellcasting
   564 | D:1      | Reached XP level 2. HP: 19/21 MP: 0/0
   989 | D:1      | Found Qoph's Assorted Antiques.
  1475 | D:2      | Reached XP level 3. HP: 19/25 MP: 0/0
  1475 | D:2      | Learned a level 1 spell: Beastly Appendage
  1958 | D:2      | Noticed Ijyb
  1996 | D:2      | Slain by Ijyb

Illustrated notes

Levels and vault maps discovered:
D:1:      psy_arrival_whirlpool, layout_loops_corners, serial_shops, shop,
          chequers_serial_rivers_room_b
D:2:      kennysheep_the_goblin_king, layout_basic, minmay_indecisive_spiral

Skill      XL: |  1 |
---------------+----+-----
Spellcasting   | 3 |  3.9
Dodging        | |  2.5
Stealth        | |  1.5

Action                   || total
-------------------------++-------
 Cast: Foxfire           ||    66
  Use: Scroll            ||     3
Armor: Robe              ||     3
Dodge: Dodged            ||    15

Table legend: (Time is in decaauts)
 A = Elapsed time spent in this place.
 B = Non-inter-level travel time spent in this place.
 C = Inter-level travel time spent in this place.
 D = Time resting spent in this place.
 E = Time spent auto-exploring this place.
 F = Levels seen in this place.
 G = Mean time per level.
                   A        B        C        D        E       F      G
               +--------+--------+--------+--------+--------+-----+--------+
         Total |   1995 |   1976 |     19 |      0 |   1737 |   2 |  997.5 |
       Dungeon |   1995 |   1976 |     19 |      0 |   1737 |   2 |  997.5 |
               +--------+--------+--------+--------+--------+-----+--------+

Top non-repeatable levels by time:
     D:1: 1084 daAuts
     D:2: 910 daAuts
